 Dungeon Crawl Stone Soup version 0.24.0-5-g267a8d59f4 (webtiles) character file.

Game seed: 5710548275966897330, levelgen mode: deterministic

107 Esekla the Ducker (level 4, 0/30 HPs)
             Began as an Octopode Skald on Nov 1, 2019.
             Slain by an adder (5 damage)
             ... on level 2 of the Dungeon.
             The game lasted 00:08:49 (1528 turns).

Esekla the Ducker (Octopode Skald)                  Turns: 1528, Time: 00:08:49

Health: 0/30       AC:  1    Str: 10    XL:     4   Next: 85%
Magic:  4/7        EV: 14    Int: 15    God:
Gold:   82         SH:  0    Dex: 12    Spells: 2/7 levels left

rFire    . . .     SeeInvis .   a - +0 falchion
rCold    . . .     Gourm    .   (no shield)
rNeg     . . .     Faith    .   (helmet restricted)
rPois    .         Spirit   .   (no amulet)
rElec    .         Reflect  .   (no ring)
rCorr    .         Harm     .   (no ring)
MR       .....                  (no ring)
Stlth    ++........             (no ring)
HPRegen  0.10/turn              (no ring)
MPRegen  0.10/turn              (no ring)
                                (no ring)
                                (no ring)

@: infused, very slightly contaminated, slowed, very slow
A: almost no armour, stealthy swim, amphibious, 8 rings, constrict 8, camouflage
1, gelatinous body 1
a: no special abilities


You were on level 2 of the Dungeon.
You were not hungry.

You visited 1 branch of the dungeon, and saw 2 of its levels.

You collected 82 gold pieces.

Inventory:

Hand Weapons
 a - a +0 falchion (weapon)
 b - a +0 short sword
 i - a +0 spear
Missiles
 o - 13 poisoned darts (quivered)
Jewellery
 d - an uncursed ring of ice
Scrolls
 f - a scroll of amnesia {unknown}
 h - 2 scrolls of remove curse {unknown}
 j - a scroll of enchant armour {unknown}
 k - a scroll of random uselessness {unknown}
 m - a scroll of identify {unknown}
 p - a scroll of teleportation {unknown}
Potions
 e - a potion of heal wounds {unknown}
 g - a potion of agility {unknown}
 l - a potion of might {unknown}
 n - a potion of curing {unknown}
Comestibles
 c - 6 rations


   Skills:
 * Level 2.8 Fighting
 + Level 2.7 Long Blades
 * Level 3.6 Dodging
 + Level 2.2 Spellcasting
 - Level 3.0 Charms
 * Level 1.2 Translocations


You had 2 spell levels left.
You knew the following spells:

 Your Spells              Type           Power        Failure   Level  Hunger
a - Infusion              Chrm           ##..         6%          1    #......
b - Shroud of Golubria    Chrm/Tloc      #.....       14%         2    ###....
c - Song of Slaying       Chrm           ##......     10%         2    ###....

Your spell library contained the following spells:

 Spells                   Type           Power        Failure   Level  Hunger
 Regeneration             Chrm/Necr      #.........   34%         3    ###....
 Spectral Weapon          Hex/Chrm       #.......     34%         3    ###....


Dungeon Overview and Level Annotations

Branches:
Dungeon (2/15)

Altars:


Innate Abilities, Weirdness & Mutations

You cannot wear most types of armour.
You are very stealthy in the water. (Stealth+)
You are amphibious.
You can wear up to eight rings at the same time.
You can use your tentacles to constrict eight enemies at once.
Your skin changes colour to match your surroundings (Stealth+).
Your rubbery body absorbs attacks. (AC +1, EV +1)


Message History

Jessica casts a spell at you. Pain shoots through your body!
The quokka barely misses you.
You hit Jessica. You grab Jessica. You squeeze Jessica.
Jessica is severely wounded.
You constrict Jessica. Jessica gestures at you while chanting.
Pain shoots through your body! The quokka completely misses you.
You riposte.
You hit the quokka.
You kill the quokka!
Jessica casts a spell at you. You resist with some effort.
Jessica hits you with a +0 dagger.
* * * LOW HITPOINT WARNING * * *
You hit Jessica.
You kill Jessica!
The adder misses you.
Casting: Song of Slaying (safe; 10% risk of failure)
Confirm with . or Enter, or press ? or * to list all spells.
You begin infusing your attacks with magical energy.
The adder bites you.
You die...

##...........[..#.##....
#...............#.###...
#...............#.# #...
#....(..........#.###...
#...............#.#.....
#......†............#...
#...............##......
##....S.†.......###.....
##...)@#.....#.# .(....
#########..##.........
.## ........ .. ......
.. ...... $..... ......
..###. # #.


You could see an adder.

Vanquished Creatures
  Jessica (D:2)
  A gnoll (D:1)
  2 adders (D:2)
  4 dart slugs
  4 giant cockroaches
  7 goblins
  7 hobgoblins
  A quokka (D:2)
  6 bats
  3 frilled lizards (D:1)
  3 kobolds
  7 rats
46 creatures vanquished.

Notes
Turn   | Place    | Note
-------+----------+-------------------------------------------
     0 | D:1      | Esekla the Octopode Skald began the quest for the Orb.
     0 | D:1      | Reached XP level 1. HP: 14/14 MP: 3/3
   110 | D:1      | Reached XP level 2. HP: 12/19 MP: 3/5
   118 | D:1      | Learned a level 2 spell: Shroud of Golubria
   121 | D:1      | Learned a level 2 spell: Song of Slaying
   363 | D:1      | Reached XP level 3. HP: 1/25 MP: 6/6
  1301 | D:2      | Reached skill level 1 in Translocations
  1301 | D:2      | Reached XP level 4. HP: 19/30 MP: 7/7
  1517 | D:2      | Noticed Jessica
  1527 | D:2      | Killed Jessica
  1528 | D:2      | Slain by an adder

Levels and vault maps discovered:
D:1:      elethiomel_arrival_infinity_welcomes_careful_drivers,
          layout_loops_cross
D:2:      layout_rooms, lightli_temple_of_fire, yredelemnul_altar_generic,
          uniq_jessica

Skill      XL: |  1  2  3 |
---------------+----------+-----
Dodging        | 3 |  3.6
Translocations | 1 |  1.2
Fighting       | |  2.8
Long Blades    | |  2.7
Spellcasting   | |  2.2
Charms         | |  3.0

Action                   |  1- 3 |  4- 6 || total
-------------------------+-------+-------++-------
Melee: Falchion          |    58 |    23 ||    81
       Constrict         |    14 |     7 ||    21
       Tentacles         |    11 |     2 ||    13
       Short sword       |     2 |       ||     2
 Cast: Infusion          |       |     1 ||     1
       Song of Slaying   |       |     1 ||     1
 Stab: Sleeping          |     8 |     2 ||    10
  Eat: Chunk             |     1 |     1 ||     2
Armor: Skin              |    11 |     2 ||    13
Dodge: Dodged            |    37 |    25 ||    62
       Rpst.: Falchion   |    15 |     9 ||    24
